 Dungeon Sprint DCSS version 0.24.0-1-gfbc8707 (webtiles) character file.

Game seed: 13224608732806097076, levelgen mode: deterministic

9600000 Fang the Conqueror (level 27, -1/341 HPs)
             Began as a Demonspawn Gladiator on Oct 25, 2019.
             Was the Champion of Makhleb.
             Slain by a meat beast (13 damage)
             ... in the Dungeon (Sprint VIII: "Arena of Blood").
             The game lasted 00:01:40 (96 turns).

Fang the Conqueror (Demonspawn Gladiator)             Turns: 96, Time: 00:01:40

Health: -1/341     AC:  9    Str: 30    XL:     27
Magic:  54/54      EV: 41    Int: 10    God:    Makhleb [******]
Gold:   0          SH:  0    Dex: 22    Spells: 80/80 levels left

rFire    . . .     SeeInvis .   l - +∞ Axe of Woe
rCold    . . .     Gourm    .   (shield currently unavailable)
rNeg     . . .     Faith    .   b - +0 leather armour
rPois    .         Spirit   .   (helmet unavailable)
rElec    .         Reflect  .   (no cloak)
rCorr    .         Harm     .   (no gloves)
MR       ++...     NoTele   +   (no boots)
Stlth    ++++++++++             (no amulet)
HPRegen  0.66/turn              (no ring)
MPRegen  0.34/turn              (no ring)

@: mighty, agile, marked
A: horns 3, rugged brown scales 3, demonic guardian 3, powered by pain 3, robust
3
a: Minor Destruction, Lesser Servant of Makhleb, Major Destruction, Greater
Servant of Makhleb, Renounce Religion


You were in the Dungeon.
You worshipped Makhleb.
Makhleb was exalted by your worship.
You were not hungry.

You visited 1 branch

Inventory:

Hand Weapons
 a - a +0 war axe
 l - the +∞ Axe of Woe (weapon)
   (You found it in the Dungeon)
Missiles
 d - 3 throwing nets (quivered)
Armour
 b - a +0 leather armour (worn)
 c - a +0 helmet
Scrolls
 k - a scroll of blinking
Potions
 e - a potion of curing
 g - a potion of heal wounds
 h - a potion of haste
 i - 2 potions of magic
 j - a potion of berserk rage
Comestibles
 f - a ration


   Skills:
 O Level 27 Fighting
 O Level 27 Axes
 O Level 27 Throwing
 O Level 27 Armour
 O Level 27 Dodging
 O Level 27 Stealth
 O Level 27 Unarmed Combat
 O Level 27 Spellcasting
 O Level 27 Invocations


You had 80 spell levels left.
You didn't know any spells.
Your spell library was empty.

Dungeon Overview and Level Annotations

Branches:
Dungeon (1/1)

Altars:
Makhleb


Innate Abilities, Weirdness & Mutations

You have a pair of large horns on your head.
You are completely covered in rugged brown scales. (AC +3, +7% HP)
A powerful demonic guardian rushes to your aid.
You are powered by pain.
You are extremely robust. (+30% HP)


Message History

You hit the destroyer but do no damage.
You pulverise the destroyer into a thin bloody mist.
You destroy the destroyer!
Makhleb accepts your kill.
You are engulfed in blazing flames.
* * * LOW HITPOINT WARNING * * *
The meat beast is engulfed in blazing flames.
The tyrant waves its bony arms in wide circles.
The air twists around and strikes you!!!
* * * LOW HITPOINT WARNING * * *
You focus on the pain.
You feel more agile all of a sudden.
A bag of meat comes into view. It is wielding a +9 war axe.
A dread comes into view.
A bag of meat comes into view. It is wielding a +9 war axe.
The meat beast is engulfed in blazing flames.
The meat beast bites you!!
* * * LOW HITPOINT WARNING * * *
The meat beast tramples you!
You die... ....... ....... ooXo...#.#...... .oxoo..........# ..ozooX.....D.o. .XooOzo.xDoMMoo. o.OXXLXooDo%Oo.

. .XooOo2O§☼§o...
.. #oXz{☼☼§# ...
#oOx)§@§# ....
.###oOoo§2)###.....
..oXoO###§§oW..O...
..o2.z§_oo2Xo2o....


..L§#.xooz#oMWooo.# .z2O#_oW)O#ooWoo.o. .. #..o§X#LXXooo#. ....o_X.§§Xo.MV..
......###XX.%..Xo.# You could see 4 accurseds, 5 tentacled monstrosities, 4 meat
beasts, 3 tyrants, a reaper, 3 eight-headed meat hydras, a destroyer, 4
sculptors of flesh, 3 large bags of meat, 10 large abominations, 4 dreads, 6
meat berserkers, a small abomination, 51 bags of meat and 2 crawling corpses.

Vanquished Creatures
  Sigmund (D)
  20 hell beasts (D)
  3 greater mummies (D)
  4 wraiths (D)
  Harold (D)
  27 vampire knights (D)
  45 ogres (D)
  6 two-headed ogres (D)
  6 liches (D)
  51 orcs (D)
  2 phantoms (D)
  5 skeletal warriors (D)
  3 large abominations (D)
  8 small abominations (D)
  21 crawling corpses (D)
203 creatures vanquished.

Vanquished Creatures (others)
  3 ogres (D)
  2 orcs (D)
  2 crawling corpses (D)
7 creatures vanquished.

Grand Total: 210 creatures vanquished

Notes
Turn   | Place    | Note
-------+----------+-------------------------------------------
     0 | D        | Found the +∞ Axe of Woe
     0 | D        | Fang the Demonspawn Gladiator began the quest for the Orb.
     0 | D        | Reached XP level 1. HP: 16/16 MP: 1/1
     4 | D        | Became a worshipper of Makhleb the Destroyer
     5 | D        | Noticed a bag of meat
     5 | D        | Noticed a bag of meat
    11 | D        | Killed a bag of meat
    11 | D        | Gained mutation: You sometimes gain a little power by
                  | taking damage. [demonic ancestry]
    11 | D        | Reached XP level 2. HP: 43/43 MP: 2/2
    11 | D        | Reached XP level 3. HP: 49/49 MP: 3/3
    11 | D        | Reached XP level 4. HP: 56/56 MP: 4/4
    11 | D        | Gained mutation: You sometimes gain power by taking damage.
                  | [demonic ancestry]
    11 | D        | Reached XP level 5. HP: 62/62 MP: 5/5
    11 | D        | Reached XP level 6. HP: 69/69 MP: 6/6
    11 | D        | Gained mutation: You are partially covered in rugged brown
                  | scales. (AC +1, +3% HP) [demonic ancestry]
    11 | D        | Reached XP level 7. HP: 69/77 MP: 7/7
    11 | D        | Reached XP level 8. HP: 75/84 MP: 8/8
    11 | D        | Reached XP level 9. HP: 80/90 MP: 9/9
    11 | D        | Gained mutation: You have a pair of small horns on your
                  | head. [demonic ancestry]
    11 | D        | Reached XP level 10. HP: 86/97 MP: 10/10
    11 | D        | Reached XP level 11. HP: 93/104 MP: 11/11
    11 | D        | Noticed a bag of meat
    12 | D        | Killed a bag of meat
    12 | D        | Reached * piety under Makhleb
    12 | D        | Reached skill level 15 in Axes
    12 | D        | Reached skill level 15 in Throwing
    12 | D        | Reached skill level 15 in Dodging
    12 | D        | Reached XP level 12. HP: 104/116 MP: 12/12
    12 | D        | Noticed a bag of meat
    13 | D        | Noticed a bag of meat
    14 | D        | Noticed a meat berserker
    14 | D        | Noticed a bag of meat
    14 | D        | Noticed a meat berserker
    15 | D        | Noticed a bag of meat
    15 | D        | Noticed a meat berserker
    15 | D        | Noticed a meat berserker
    15 | D        | Noticed a meat berserker
    16 | D        | Killed a bag of meat
    16 | D        | Gained mutation: A weak demonic guardian rushes to your
                  | aid. [demonic ancestry]
    16 | D        | Reached XP level 13. HP: 123/125 MP: 13/13
    16 | D        | Noticed a meat berserker
    16 | D        | Noticed a bag of meat
    17 | D        | Killed a meat berserker
    17 | D        | Reached XP level 14. HP: 140/140 MP: 14/14
    17 | D        | Noticed a bag of meat
    17 | D        | Noticed a bag of meat
    18 | D        | Noticed a bag of meat
    19 | D        | Killed a meat berserker
    19 | D        | Reached ** piety under Makhleb
    19 | D        | Gained mutation: You have a pair of horns on your head.
                  | [demonic ancestry]
    19 | D        | Reached XP level 15. HP: 145/150 MP: 15/15
    19 | D        | Killed a meat berserker
    19 | D        | Gained mutation: You are mostly covered in rugged brown
                  | scales. (AC +2, +5% HP) [demonic ancestry]
    19 | D        | Reached XP level 16. HP: 155/166 MP: 16/16
    20 | D        | Killed a meat berserker
    20 | D        | Reached *** piety under Makhleb
    20 | D        | Gained mutation: You are robust. (+10% HP) [demonic
                  | ancestry]
    20 | D        | Reached XP level 17. HP: 160/194 MP: 17/17
    20 | D        | Noticed a meat berserker
    21 | D        | Killed a meat berserker
    21 | D        | Reached skill level 27 in Fighting
    21 | D        | Reached **** piety under Makhleb
    21 | D        | Gained mutation: You are completely covered in rugged brown
                  | scales. (AC +3, +7% HP) [demonic ancestry]
    21 | D        | Reached XP level 18. HP: 200/212 MP: 18/18
    22 | D        | Killed a meat berserker
    22 | D        | Reached skill level 27 in Axes
    22 | D        | Reached skill level 27 in Throwing
    22 | D        | Reached skill level 27 in Dodging
    22 | D        | Noticed a large bag of meat
    22 | D        | Noticed a destroyer
    23 | D        | Noticed a large bag of meat
    24 | D        | Reached ***** piety under Makhleb
    24 | D        | Gained mutation: You have a pair of large horns on your
                  | head. [demonic ancestry]
    24 | D        | Reached XP level 19. HP: 221/221 MP: 19/19
    25 | D        | Noticed a destroyer
    26 | D        | Reached skill level 27 in Unarmed Combat
    26 | D        | Noticed a meat berserker
    27 | D        | Killed a destroyer
    27 | D        | Gained mutation: A demonic guardian rushes to your aid.
                  | [demonic ancestry]
    27 | D        | Reached XP level 20. HP: 230/230 MP: 19/45
    27 | D        | Killed a large bag of meat
    27 | D        | Reached skill level 27 in Spellcasting
    27 | D        | Killed a meat berserker
    27 | D        | Reached ****** piety under Makhleb
    27 | D        | Noticed The Servant
    27 | D        | Noticed a large bag of meat
    28 | D        | Noticed a destroyer
    28 | D        | Noticed a destroyer
    29 | D        | Killed a destroyer
    29 | D        | Reached skill level 27 in Invocations
    29 | D        | Gained mutation: You are very robust. (+20% HP) [demonic
                  | ancestry]
    29 | D        | Reached XP level 21. HP: 230/259 MP: 19/52
    31 | D        | Killed a large bag of meat
    31 | D        | Reached skill level 27 in Armour
    31 | D        | Reached XP level 22. HP: 213/269 MP: 20/53
    32 | D        | Noticed a destroyer
    33 | D        | Reached skill level 27 in Stealth
    33 | D        | Noticed a destroyer
    35 | D        | Noticed a destroyer
    36 | D        | Killed a destroyer
    36 | D        | Gained mutation: A powerful demonic guardian rushes to your
                  | aid. [demonic ancestry]
    36 | D        | Reached XP level 23. HP: 265/278 MP: 21/54
    36 | D        | Killed a destroyer
    36 | D        | Noticed a destroyer
    37 | D        | Killed a large bag of meat
    37 | D        | Reached XP level 24. HP: 288/288 MP: 21/54
    37 | D        | Noticed a destroyer
    37 | D        | Noticed a destroyer
    37 | D        | Noticed a destroyer
    38 | D        | Noticed a destroyer
    39 | D        | Killed a destroyer
    40 | D        | Gained mutation: You are powered by pain. [demonic
                  | ancestry]
    40 | D        | Reached XP level 25. HP: 140/297 MP: 54/54
    41 | D        | Killed a destroyer
    41 | D        | Killed a destroyer
    41 | D        | Noticed a destroyer
    42 | D        | Killed a destroyer
    42 | D        | Gained mutation: You are extremely robust. (+30% HP)
                  | [demonic ancestry]
    42 | D        | Reached XP level 26. HP: 297/331 MP: 54/54
    42 | D        | Noticed a destroyer
    43 | D        | Killed a destroyer
    44 | D        | Reached XP level 27. HP: 341/341 MP: 54/54
    46 | D        | Noticed an accursed
    47 | D        | Killed The Servant
    48 | D        | Killed a destroyer
    48 | D        | Killed a destroyer
    48 | D        | Noticed a destroyer
    50 | D        | Noticed a tyrant
    50 | D        | Noticed a destroyer
    52 | D        | Killed a destroyer
    52 | D        | Noticed a destroyer
    52 | D        | Noticed a destroyer
    54 | D        | Killed a destroyer
    54 | D        | Killed a destroyer
    54 | D        | Killed a destroyer
    55 | D        | Noticed an accursed
    56 | D        | Killed a tyrant
    57 | D        | Killed a destroyer
    57 | D        | Noticed a meat beast
    57 | D        | Noticed a meat beast
    58 | D        | Noticed The Captor
    59 | D        | Noticed a meat beast
    60 | D        | Noticed a dread
    60 | D        | Killed a dread
    61 | D        | Noticed a meat beast
    61 | D        | Noticed a destroyer
    62 | D        | Killed a destroyer
    62 | D        | Killed a meat beast
    63 | D        | Killed a meat beast
    63 | D        | Killed a meat beast
    64 | D        | Noticed an accursed
    65 | D        | Killed a destroyer
    65 | D        | Noticed an accursed
    66 | D        | Killed a meat beast
    67 | D        | Noticed a meat beast
    67 | D        | Noticed a meat beast
    67 | D        | Noticed a meat beast
    67 | D        | Noticed a dread
    68 | D        | Killed The Captor
    68 | D        | Noticed a tyrant
    68 | D        | Noticed a dread
    69 | D        | Killed an accursed
    69 | D        | Noticed a tyrant
    69 | D        | Noticed a tyrant
    70 | D        | Noticed a meat beast
    70 | D        | Noticed a large bag of meat
    70 | D        | Noticed a large bag of meat
    71 | D        | Killed a meat beast
    71 | D        | Noticed a destroyer
    71 | D        | Noticed an accursed
    71 | D        | Noticed a large bag of meat
    72 | D        | Killed a meat beast
    72 | D        | Noticed a meat beast
    72 | D        | Noticed a meat beast
    72 | D        | Noticed a tyrant
    73 | D        | Noticed a meat beast
    73 | D        | Noticed a tyrant
    73 | D        | Noticed a tyrant
    74 | D        | Killed a meat beast
    74 | D        | Noticed a dread
    75 | D        | Killed a destroyer
    75 | D        | Noticed an accursed
    75 | D        | Noticed a dread
    75 | D        | Noticed a meat beast
    77 | D        | Noticed a destroyer
    77 | D        | Noticed a destroyer
    77 | D        | Noticed a tyrant
    78 | D        | Killed a meat beast
    79 | D        | Noticed a meat beast
    79 | D        | Noticed a destroyer
    79 | D        | Noticed a large bag of meat
    79 | D        | Noticed a destroyer
    79 | D        | Noticed a large bag of meat
    80 | D        | Killed a meat beast
    80 | D        | Killed an accursed
    80 | D        | Killed a meat beast
    80 | D        | Noticed a meat beast
    80 | D        | Noticed a meat beast
    80 | D        | Noticed a dread
    81 | D        | Noticed a destroyer
    81 | D        | Noticed a meat beast
    81 | D        | Noticed a destroyer
    82 | D        | Killed a destroyer
    82 | D        | Killed a destroyer
    82 | D        | Noticed a meat beast
    83 | D        | Noticed a meat beast
    83 | D        | Killed a dread
    83 | D        | Killed a meat beast
    83 | D        | Killed a dread
    83 | D        | Killed a destroyer
    83 | D        | Noticed a meat beast
    83 | D        | Noticed an accursed
    84 | D        | Noticed a meat beast
    84 | D        | Killed a meat beast
    84 | D        | Killed a large bag of meat
    85 | D        | HP: 14/341 [??? (12)]
    86 | D        | Noticed a meat beast
    86 | D        | Killed a destroyer
    86 | D        | Killed a large bag of meat
    86 | D        | Noticed a tyrant
    87 | D        | Killed a destroyer
    88 | D        | Killed a meat beast
    88 | D        | Killed a dread
    89 | D        | Noticed a meat beast
    89 | D        | Killed a tyrant
    89 | D        | Noticed a dread
    90 | D        | Noticed a destroyer
    90 | D        | Killed a meat beast
    90 | D        | Killed a meat beast
    90 | D        | Killed a tyrant
    90 | D        | Noticed a meat beast
    91 | D        | Killed a tyrant
    91 | D        | Noticed a large bag of meat
    92 | D        | Killed a large bag of meat
    92 | D        | Killed a meat beast
    92 | D        | Noticed a destroyer
    93 | D        | Killed a destroyer
    93 | D        | Killed a tyrant
    93 | D        | Noticed an accursed
    94 | D        | Noticed a destroyer
    94 | D        | Killed a meat beast
    95 | D        | Killed a meat beast
    95 | D        | Killed a meat beast
    95 | D        | Noticed a meat beast
    96 | D        | Killed a tyrant
    96 | D        | Killed a meat beast
    96 | D        | Killed an accursed
    96 | D        | Killed a destroyer
    96 | D        | Killed a destroyer
    96 | D        | Noticed a dread
    96 | D        | HP: 12/341 [meat beast (21)]
    96 | D        | Slain by a meat beast

Levels and vault maps discovered:
D:        meatsprint

Skill      XL: |  1  2  3  4  5  6  7  8  9 10 11 12 13 14 15 16 17 18 19 20 21 22 |
---------------+-------------------------------------------------------------------+-----
Fighting       | 14 16 18 20 22 24 25 27 | 27.0
Axes           | 13 15 17 19 20 22 23 26 27 | 27.0
Throwing       | 13 15 16 18 20 22 23 26 27 | 27.0
Dodging        | 13 15 17 19 20 22 23 26 27 | 27.0
Unarmed Combat | 21 27 | 27.0
Spellcasting   | 21 27 | 27.0
Invocations    | 27 | 27.0
Armour         | 19 27 | 27.0
Stealth        | 18 27 | 27.0

Action                   |  1- 3 |  4- 6 |  7- 9 | 10-12 | 13-15 | 16-18 | 19-21 | 22-24 | 25-27 || total
-------------------------+-------+-------+-------+-------+-------+-------+-------+-------+-------++-------
Melee: Executioner's axe |     1 |       |       |     2 |     2 |     4 |     4 |     8 |    51 ||    72
Armor: Leather armour    |       |       |       |       |       |       |       |       |     4 ||     4
Dodge: Dodged            |       |       |       |       |       |       |     1 |     1 |    18 ||    20
